 Dungeon Crawl Stone Soup version 0.29.1-15-g9cfb28693d (webtiles) character file.

Game seed: 7003209004269162077

641 javelincjr the Magician (level 7, -9/47 (52) HPs)
             Began as a Demonspawn Hedge Wizard on Mar 30, 2023.
             Mangled by a wight
             ... wielding a +4 halberd
              (13 damage)
             ... on level 4 of the Dungeon.
             The game lasted 00:16:47 (5064 turns).

javelincjr the Magician (Demonspawn Hedge Wizard)   Turns: 5064, Time: 00:16:47

HP:   -9/47 (52)    AC:  3    Str: 12    XL:     7   Next: 26%
MP:   8/13          EV: 13    Int: 16    God:
Gold: 227           SH:  6    Dex: 18    Spells: 8/14 levels left

rFire   . . .      SeeInvis .   m - +2 quarterstaff (chaos)
rCold   . . .      Faith    .   (shield currently unavailable)
rNeg    . . .      Spirit   .   b - +0 robe
rPois   .          Reflect  .   c - +0 hat
rElec   .          Harm     .   n - +0 cloak
rCorr   .          Rampage  .   (no gloves)
Will    .....                   (no boots)
Stlth   ++........              (no amulet)
HPRegen 0.15/turn               q - +6 ring of dexterity
MPRegen 0.13/turn               (no ring)

@: drained
A: hooves 2, large bone plates 2, demonic guardian 1
a: no special abilities


You were on level 4 of the Dungeon.
You visited 1 branch of the dungeon, and saw 4 of its levels.

You collected 227 gold pieces.

Inventory:

Hand Weapons
 a - a +0 dagger
 m - a +2 quarterstaff of chaos (weapon)
 u - a +4 spear
Armour
 b - a +0 robe (worn)
 c - a +0 hat (worn)
 k - +0 storm dragon scales
 n - a +0 cloak (worn)
Jewellery
 q - a +6 ring of dexterity (left hand)
 r - a ring of poison resistance
Wands
 t - a wand of polymorph (3)
Scrolls
 f - a scroll of teleportation {unknown}
 g - 3 scrolls of identify {unknown}
 h - 3 scrolls of magic mapping {unknown}
 j - 2 scrolls of blinking {unknown}
 l - a scroll of enchant armour {unknown}
 o - a scroll of amnesia {unknown}
 p - a scroll of immolation {unknown}
 s - a scroll of noise {unknown}
Potions
 d - a potion of magic
 e - 3 potions of curing {unknown}
 i - a potion of heal wounds {unknown}


   Skills:
 * Level 3.4 Fighting
 + Level 2.0 Armour
 + Level 2.9 Dodging
 - Level 1.7 Stealth
 * Level 4.4 Spellcasting
 + Level 2.7 Conjurations
 + Level 2.7 Summonings
 + Level 2.3 Translocations


You had 8 spell levels left.
You knew the following spells:

 Your Spells              Type           Power      Damage    Failure   Level
a - Magic Dart            Conj           48%        1d5       5%          1
b - Shock                 Conj/Air       28%        1d4       10%         1
c - Blink                 Tloc           20%        N/A       10%         2
d - Call Imp              Summ           12%        N/A       9%          2

Your spell library contained the following spells:

 Spells                   Type           Power      Damage    Failure   Level
 Slow                     Hex            12%        N/A       16%         1
 Ensorcelled Hibernation  Hex/Ice        6%         N/A       24%         2
 Passwall                 Tmut/Erth      2%         N/A       24%         2
 Conjure Flame            Conj/Fire      7%         6-21      28%         3
 Mephitic Cloud           Conj/Pois/Air  6%         N/A       32%         3
 Ignite Poison            Fire/Tmut/Pois 3%         N/A       43%         3
 Swiftness                Air            3%         N/A       43%         3
 Airstrike                Air            1%         2d(1-17)  85%         4
 Summon Mana Viper        Hex/Summ       7%         N/A       95%         5
 Freezing Cloud           Conj/Ice/Air   3%         6-21      97%         5


Dungeon Overview and Level Annotations

Branches:
Dungeon (4/15)
 Temple: D:4-7

Altars:
Ashenzari
Fedhas


Innate Abilities, Weirdness & Mutations

You have hoof-like feet.
You are mostly covered in large bone plates. (SH +6)
A weak demonic guardian rushes to your aid.


Message History

The puff of frost hits the wight.
The wight resists.
The wight hits something from afar with a +4 halberd!
Casting: Call Imp (safe; 9% risk of failure)
Confirm with . or Enter, or press ? or * to list all spells.
A beastly little devil appears in a puff of flame.
The wight hits your crimson imp with a +4 halberd!
Your crimson imp hits the wight but does no damage.
The wight barely misses your crimson imp.
Your crimson imp blinks!
Casting: Call Imp (safe; 9% risk of failure)
Confirm with . or Enter, or press ? or * to list all spells.
Aiming: Shock (safe; 10% risk of failure)
Press: ? - help, Shift-Dir - straight line, f - wight
Aim: a wight, wielding a +4 halberd and wearing a +0 robe (lightly damaged, 68% to hit)
The zap misses the wight.
Casting: Shock (safe; 10% risk of failure)
Confirm with . or Enter, or press ? or * to list all spells.
Aiming: Shock (safe; 10% risk of failure)
Press: ? - help, Shift-Dir - straight line, f/p - wight
Aim: a wight, wielding a +4 halberd and wearing a +0 robe (ally target, 68% to hit)
The zap hits the wight but does no damage.
The wight hits you with a +4 halberd!
* * * LOW HITPOINT WARNING * * *
A demonic guardian appears!
You feel drained.
* * * LOW HITPOINT WARNING * * *
You closely miss the wight. Your ufetubus hits the wight.
Your ufetubus barely misses the wight.
The wight barely misses you.
You hit the wight.
The wight suddenly seems more agile.
The wight is moderately damaged.
Your ufetubus misses the wight.
Your ufetubus closely misses the wight.
You block the wight's attack.
Your ufetubus barely misses the wight.
Your ufetubus hits the wight.
The wight hits your ufetubus with a +4 halberd.
You completely miss the wight. You kick the wight.
The wight is heavily damaged.
Your ufetubus closely misses the wight.
Your ufetubus barely misses the wight.
Your crimson imp closely misses the wight.
Your ufetubus hits the wight but does no damage.
Your ufetubus barely misses the wight.
The wight hits you with a +4 halberd!
You die...

+.+ ........# #.# .......< +.+
... ..... ###.# #.....#.....
#.'.+ #.....#..... ###.###
######.....#..... #.[.†.#
##..#.............
###z##########5....###....8.8..
#'####....5z@................
#.#8#..######...##...........
#...[5## ###..#...........
####### ####....##.......
##..#...####...... #.......#
##..>.. ###.....# ##....
##...## ##### #...#


You could see a wight (agile, ally target), a friendly crimson imp (summoned)
and a friendly ufetubus (summoned).

Vanquished Creatures
  Grinder (D:4)
  A necrophage (D:4)
  2 scorpions
  A wight (D:4)
  6 adders
  2 dart slugs (D:1)
  4 orcs
  6 ball pythons
  4 bats
  6 endoplasms
  3 giant cockroaches
  7 hobgoblins
  3 jackals (D:3)
  2 quokkas (D:2)
  6 frilled lizards
  7 goblins
  10 kobolds
  10 rats
81 creatures vanquished.

Vanquished Creatures (collateral kills)
  Crazy Yiuf (D:2)
  Jessica (D:3)
  An orc wizard (D:4)
  A hobgoblin (D:3)
  A bat (D:3)
5 creatures vanquished.

Vanquished Creatures (others)
  3 fungi (D:2)
3 creatures vanquished.

Grand Total: 89 creatures vanquished

Notes
Turn   | Place    | Note
-------+----------+-------------------------------------------
     0 | D:1      | javelincjr the Demonspawn Hedge Wizard began the quest for
                  | the Orb.
     0 | D:1      | Reached XP level 1. HP: 13/13 MP: 4/4
    43 | D:1      | Reached skill level 1 in Translocations
   277 | D:1      | Gained mutation: A weak demonic guardian rushes to your
                  | aid. [demonic ancestry]
   277 | D:1      | Reached XP level 2. HP: 20/20 MP: 3/6
   597 | D:1      | Learned a level 1 spell: Shock
   600 | D:1      | Learned a level 2 spell: Blink
   603 | D:1      | Learned a level 2 spell: Call Imp
   626 | D:1      | Found a faded altar of an unknown god.
   685 | D:1      | Reached skill level 1 in Fighting
  1101 | D:1      | Gained mutation: You are partially covered in large bone
                  | plates. (SH +4) [demonic ancestry]
  1101 | D:1      | Reached XP level 3. HP: 26/26 MP: 4/7
  2358 | D:2      | Found a runed translucent door.
  2359 | D:2      | Noticed Crazy Yiuf
  2370 | D:2      | HP: 1/25 [Crazy Yiuf/+2 quarterstaff of chaos (1)]
  2373 | D:2      | Killed Crazy Yiuf
  2374 | D:2      | Reached XP level 4. HP: 1/32 MP: 1/9
  2757 | D:2      | Reached skill level 1 in Armour
  2999 | D:3      | Noticed Jessica
  3005 | D:3      | Killed Jessica
  3185 | D:3      | Got the Handbook of the Creative Squall
  3404 | D:3      | Gained mutation: You have large cloven feet. [demonic
                  | ancestry]
  3404 | D:3      | Reached XP level 5. HP: 38/38 MP: 1/10
  3748 | D:3      | Found a blossoming altar of Fedhas.
  4227 | D:4      | Gained mutation: You are mostly covered in large bone
                  | plates. (SH +6) [demonic ancestry]
  4227 | D:4      | Reached XP level 6. HP: 34/46 MP: 5/11
  4372 | D:4      | Noticed Grinder
  4404 | D:4      | Killed Grinder
  4405 | D:4      | Reached skill level 4 in Spellcasting
  4595 | D:4      | Found a broken altar of Ashenzari.
  4770 | D:4      | Gained mutation: You have hoof-like feet. [demonic
                  | ancestry]
  4770 | D:4      | Reached XP level 7. HP: 25/52 MP: 2/13
  5064 | D:4      | Mangled by a wight

Illustrated notes

Levels and vault maps discovered:
D:1:      erik_arrival_blinker_ship, layout_loops_ring,
          shapermc_ecumenical_altar_notcrosses, minmay_misc_feat_columns,
          minmay_lizard_pond
D:2:      layout_basic, minmay_tromino_i4, uniq_crazy_yiuf_cottage
D:3:      layout_rooms, fedhas_altar_2, chequers_serial_rivers_micro_d,
          supply_closet_lemuel, lightli_corner_chamber, uniq_jessica
D:4:      layout_cave_pools, mainiacjoe_overflow_alcove_1,
          lemuel_mausoleum_altar_yredelemnul, serial_column_ruins,
          column_ruins_square_large, column_ruins_columns_corner,
          column_ruins_columns_straight, column_ruins_corridor_straight,
          column_ruins_open_tiny, column_ruins_columns_dead_end,
          minmay_misc_feat_rugged, roderic_serpentine_path,
          corexii_checkpoint_b, hangedman_abyss_or_decor_stabs, uniq_grinder

Skill      XL: |  1  2  3  4  5  6  7 |
---------------+----------------------+-----
Translocations | 1 2 |  2.3
Fighting       | 1 2 3 |  3.4
Dodging        | 2 |  2.9
Armour         | 1 2 |  2.0
Summonings     | 2 |  2.7
Conjurations   | 2 |  2.7
Spellcasting   | 4 |  4.4
Stealth        | |  1.7

Action                   |  1- 3 |  4- 6 |  7- 9 || total
-------------------------+-------+-------+-------++-------
Melee: Dagger            |    37 |       |       ||    37
       Punch             |     1 |       |       ||     1
       Quarterstaff      |       |    45 |    16 ||    61
       Kick              |       |     7 |     5 ||    12
 Cast: Magic Dart        |    82 |    69 |     7 ||   158
       Shock             |     5 |    10 |     2 ||    17
       Call Imp          |     2 |     4 |     4 ||    10
 Stab: Distracted        |       |     1 |       ||     1
       Sleeping          |       |     1 |       ||     1
Armor: Robe              |     6 |     8 |     2 ||    16
Dodge: Dodged            |    33 |    33 |    13 ||    79
Block: Other             |     4 |    10 |     2 ||    16
